Sharks vs Avalanche

Created - April-14-14 at 17:15

Goals
1 2 3 T
Sharks 0 1 3 4
Avalanche 2 1 0 3
Shots
1 2 3 T
Sharks 3 4 11 18
Avalanche 16 14 7 37

1st period

1. Avalanche , John Carlson 1 (Marian Hossa, Johan Franzen) at 0:59 (PP)
2. Avalanche , John Carlson 2 (Patrik Elias, Michael Del Zotto) at 7:58 (PP)

Penalties :
Mark Giordano (SJS) for Holding (Minor) at 0:39, Kyle Quincey (SJS) for Tripping (Minor) at 7:52, Johan Franzen (COL) for Hooking (Minor) at 11:45, Alex Tanguay (SJS) for Tripping (Minor) at 16:33

2nd period

3. Sharks , Rob Klinkhammer 1 (Drew Stafford, Matt Niskanen) at 1:58
4. Avalanche , Patrik Elias 1 (Michael Del Zotto, Derek Stepan) at 5:28 (PP)

Penalties :
Kyle Quincey (SJS) for Tripping (Minor) at 3:54, Shane Doan (SJS) for Boarding (Double Minor) at 7:51, Rob Klinkhammer (SJS) for Hooking (Minor) at 15:09

3rd period

5. Sharks , Martin Havlat 1 (Jordan Leopold) at 4:41
6. Sharks , Andrew Shaw 1 (Martin Havlat, Tyler Bozak) at 7:48 (PP)
7. Sharks , Rob Klinkhammer 2 (Chris Butler) at 8:05

Penalties :
Justin Faulk (COL) for Fighting (Major) at 7:20, Jordan Leopold (SJS) for Fighting (Major) at 7:20, Michael Del Zotto (COL) for Roughing (Minor) at 7:23

Goalie Stats

Jonas Hiller (SJS), 34 saves from 37 shots - (0.919), W, 1-0-0, 60:00 minutes
Antti Niemi (COL), 14 saves from 18 shots - (0.778), L, 0-1-0, 59:24 minutes

Players Stats for Sharks

Player Name              G  A  P  +/- PIM S  H  SB GA TA FO     MP     PP MP  PK MP  
------------------------------------------------------------------------------------
Alex Tanguay             0  0  0   0  2   0  0  0  0  0  1/1    17:54   1:28   0:00 
Andrew Shaw              1  0  1   1  0   1  2  0  0  0  3/10    9:52   0:25   2:08 
Chris Butler             0  1  1   1  0   0  1  1  0  0  0/0     9:40   0:00   1:17 
Drew Stafford            0  1  1   2  0   1  0  0  0  0  0/0     9:28   0:00   0:40 
Jannik Hansen            0  0  0   0  0   2  1  0  0  0  3/13   21:48   0:56   5:18 
Jordan Leopold           0  1  1   1  5   0  2  1  0  0  0/0    18:53   0:56   4:23 
Kyle Quincey             0  0  0   2  4   0  0  2  0  0  0/0    25:22   0:00   3:42 
Kyle Turris              0  0  0   0  0   2  0  0  0  0  8/15   16:01   0:56   0:00 
Mark Giordano            0  0  0   1  2   1  1  2  0  0  0/0    26:45   1:03   4:56 
Martin Havlat            1  1  2   1  0   2  0  0  0  0  0/0     8:40   1:21   0:00 
Matt Niskanen            0  1  1   1  0   0  0  0  0  0  0/0    24:25   1:03   0:22 
Michael Kostka           0  0  0   0  0   0  1  0  0  0  0/0    13:30   0:25   5:14 
Rich Peverley            0  0  0   2  0   1  0  0  0  0  7/13   11:37   0:00   2:49 
Rob Klinkhammer          2  0  2   2  2   3  2  1  0  0  1/2    11:38   0:00   1:58 
Ryan Malone              0  0  0   0  0   0  1  1  0  0  0/0    16:01   0:56   0:00 
Shane Doan               0  0  0   0  4   2  1  1  0  0  0/2    20:14   1:03   4:07 
Tyler Bozak              0  1  1   0  0   3  0  0  0  0  11/23  20:49   1:28   2:54 
Viktor Stalberg          0  0  0   1  0   0  0  0  0  0  0/1     7:19   0:00   0:00 

Players Stats for Avalanche

Player Name              G  A  P  +/- PIM S  H  SB GA TA FO     MP     PP MP  PK MP  
------------------------------------------------------------------------------------
Brian Gionta             0  0  0   0  0   2  0  0  0  0  0/0    14:22   0:00   0:57 
Cody Hodgson             0  0  0  -1  0   1  0  0  0  0  13/20  19:55   4:28   0:00 
Derek Stepan             0  1  1  -2  0   3  2  0  0  0  19/30  20:28   5:29   0:00 
Johan Franzen            0  1  1  -1  2   2  1  0  0  0  0/0    19:53   4:28   0:00 
John Carlson             2  0  2   0  0   3  0  2  0  0  0/0    23:10   4:32   0:45 
Jordan Staal             0  0  0   0  0   4  3  0  0  0  8/17   14:22   0:00   0:57 
Justin Faulk             0  0  0   0  5   0  1  0  0  0  0/0    20:21   5:25   0:43 
Kevin Klein              0  0  0  -1  0   1  3  0  0  0  0/0    17:21   0:49   1:10 
Kevin Porter             0  0  0   0  0   0  1  0  0  0  2/6     6:05   0:49   1:27 
Kevin Shattenkirk        0  0  0  -2  0   3  0  2  0  0  0/0    23:05   4:36   0:56 
Lauri Korpikoski         0  0  0   0  0   0  0  0  0  0  0/1     5:16   0:00   1:27 
Marcus Johansson         0  0  0   0  0   0  0  0  0  0  0/0    13:33   0:49   0:00 
Marian Hossa             0  1  1  -1  0   3  3  0  0  0  1/2    19:54   4:28   0:00 
Michael Del Zotto        0  2  2  -2  2   1  1  2  0  0  0/0    21:53   4:32   0:00 
Patrik Elias             1  1  2  -2  0   10 0  0  0  0  2/3    20:19   4:40   0:00 
Radim Vrbata             0  0  0  -2  0   3  2  0  0  0  1/1    19:39   4:40   0:00 
Rob Scuderi              0  0  0  -1  0   0  0  0  0  0  0/0    14:08   0:00   1:14 
Scottie Upshall          0  0  0   0  0   1  0  0  0  0  0/0     3:49   0:00   0:00 

3 Stars

1 - Rob Klinkhammer (SJS)
2 - John Carlson (COL)
3 - Martin Havlat (SJS)

Power Play

Sharks - 1 on 2 Attempt(s) - 50.00%
Avalanche - 3 on 7 Attempt(s) - 42.86%

Penalty Kill

Sharks - 4 on 7 Attempt(s) - 57.14% - Score 0 goal in Penalty Kill
Avalanche - 1 on 2 Attempt(s) - 50.00% - Score 0 goal in Penalty Kill

Official

Referees : Tim Peel and Dave Jackson
Linesman : Steve Barton and Mike Cvik

Game Notes

Jordan Leopold beats up Justin Faulk at 7:20 of 3rd period

Finance

Level 1 -- Attendance: 6500 (100.00%) -- Ticket Income $663,000
Level 2 -- Attendance: 5000 (100.00%) -- Ticket Income $375,000
Level 3 -- Attendance: 3500 (100.00%) -- Ticket Income $192,500
Level 4 -- Attendance: 2007 (100.00%) -- Ticket Income $90,315
Luxury Box -- Attendance: 1000 (100.00%) -- Ticket Income $200,000
Game was played at the Pepsi Center
Total Attendance: 18007 (100.00%)
Total Ticket Income: $1,520,815
Other Income: $228,122
Total Income: $1,748,937


% Time on Ice - Sharks

Lines # - Real PCT - Wanted PCT - Time Play
Normal Forward
1 - 33% - 33% - 15:34
2 - 32% - 30% - 15:05
3 - 19% - 20% - 8:48
4 - 16% - 17% - 7:19
Normal Defense
1 - 46% - 45% - 21:37
2 - 35% - 35% - 16:16
3 - 18% - 20% - 8:23
4 - 1% - 0% - 0:30
PP Forward
1 - 61% - 60% - 1:28
2 - 39% - 40% - 0:56
PP Defense
1 - 44% - 60% - 1:03
2 - 56% - 40% - 1:21
PK Forward
1 - 72% - 60% - 7:08
2 - 28% - 40% - 2:49
PK Defense
1 - 53% - 60% - 5:14
2 - 47% - 40% - 4:43
PK3 Forward
1 - 0% - 60%
2 - 0% - 40%
PK3 Defense
1 - 0% - 60%
2 - 0% - 40%
44 Forward
1 - 0% - 60%
2 - 0% - 40%
44 Defense
1 - 0% - 60%
2 - 0% - 40%
Last Minute Offensive  - 0:00
Last Minute Defensive  - 0:53
Total
Forward - 60:00
Defense - 60:00

% Time on Ice - Avalanche

Lines # - Real PCT - Wanted PCT - Time Play
Normal Forward
1 - 30% - 32% - 14:14
2 - 33% - 30% - 15:26
3 - 29% - 30% - 13:25
4 - 8% - 8% - 3:49
Normal Defense
1 - 31% - 31% - 14:24
2 - 38% - 30% - 17:53
3 - 28% - 29% - 12:54
4 - 4% - 10% - 1:43
PP Forward
1 - 55% - 53% - 5:29
2 - 45% - 47% - 4:28
PP Defense
1 - 54% - 50% - 5:25
2 - 46% - 50% - 4:32
PK Forward
1 - 40% - 50% - 0:57
2 - 60% - 50% - 1:27
PK Defense
1 - 51% - 50% - 1:14
2 - 49% - 50% - 1:10
PK3 Forward
1 - 0% - 50%
2 - 0% - 50%
PK3 Defense
1 - 0% - 50%
2 - 0% - 50%
44 Forward
1 - 0% - 50%
2 - 0% - 50%
44 Defense
1 - 0% - 50%
2 - 0% - 50%
Last Minute Offensive  - 0:45
Last Minute Defensive  - 0:00
Total
Forward - 60:00
Defense - 60:00

Play by Play

1st period


0:01 of 1st period - Derek Stepan wins face-off versus Tyler Bozak in neutral zone.
0:03 of 1st period - Patrik Elias is hit by Mark Giordano and loses puck.
0:13 of 1st period - Mark Giordano is hit by Derek Stepan and loses puck.
0:39 of 1st period - Minor Penalty to Mark Giordano for Holding.
0:40 of 1st period - Cody Hodgson wins face-off versus Jannik Hansen in Sharks zone.
0:59 of 1st period - Shot by John Carlson.
0:59 of 1st period - Goal by John Carlson - Sharks : 0 - Avalanche : 1.
1:00 of 1st period - Jordan Staal wins face-off versus Rich Peverley in neutral zone.
1:33 of 1st period - Shot by Brian Gionta.
1:33 of 1st period - Stopped by Jonas Hiller without a rebound.
1:34 of 1st period - Kyle Turris wins face-off versus Cody Hodgson in Sharks zone.
2:11 of 1st period - Shot by Mark Giordano.
2:11 of 1st period - Shot Misses the Net.
2:13 of 1st period - Shot by Ryan Malone.
2:13 of 1st period - Shot Blocked by John Carlson.
2:45 of 1st period - Icing by Scottie Upshall.
2:46 of 1st period - Tyler Bozak wins face-off versus Kevin Porter in Avalanche zone.
2:46 of 1st period - Jannik Hansen is hit by Kevin Klein and loses puck.
3:34 of 1st period - Icing by Lauri Korpikoski.
3:35 of 1st period - Kevin Porter wins face-off versus Shane Doan in Avalanche zone.
4:13 of 1st period - Shot by Jordan Staal.
4:13 of 1st period - Stopped by Jonas Hiller without a rebound.
4:14 of 1st period - Rich Peverley wins face-off versus Derek Stepan in Sharks zone.
4:30 of 1st period - Off-side.
4:31 of 1st period - Cody Hodgson wins face-off versus Andrew Shaw in neutral zone.
5:00 of 1st period - Shot by Johan Franzen.
5:00 of 1st period - Stopped by Jonas Hiller without a rebound.
5:01 of 1st period - Derek Stepan wins face-off versus Tyler Bozak in Sharks zone.
5:01 of 1st period - Derek Stepan is hit by Jordan Leopold.
5:07 of 1st period - Shot by Radim Vrbata.
5:07 of 1st period - Stopped by Jonas Hiller with a rebound.
7:52 of 1st period - Minor Penalty to Kyle Quincey for Tripping.
7:53 of 1st period - Derek Stepan wins face-off versus Jannik Hansen in Sharks zone.
7:58 of 1st period - Shot by John Carlson.
7:58 of 1st period - Goal by John Carlson - Sharks : 0 - Avalanche : 2.
7:59 of 1st period - Kevin Porter wins face-off versus Tyler Bozak in neutral zone.
8:59 of 1st period - Shot by Brian Gionta.
8:59 of 1st period - Shot Blocked by Ryan Malone.
9:23 of 1st period - Brian Gionta is hit by Jordan Leopold.
9:57 of 1st period - Shot by Rob Klinkhammer.
9:57 of 1st period - Stopped by Antti Niemi without a rebound.
9:58 of 1st period - Derek Stepan wins face-off versus Andrew Shaw in Avalanche zone.
10:06 of 1st period - Radim Vrbata is hit by Andrew Shaw and loses puck.
10:21 of 1st period - Shot by Radim Vrbata.
10:21 of 1st period - Stopped by Jonas Hiller without a rebound.
10:22 of 1st period - Tyler Bozak wins face-off versus Cody Hodgson in Sharks zone.
10:31 of 1st period - Shot by Jannik Hansen.
10:31 of 1st period - Shot Misses the Net.
10:33 of 1st period - Shot by Jannik Hansen.
10:33 of 1st period - Stopped by Antti Niemi without a rebound.
10:34 of 1st period - Rich Peverley wins face-off versus Derek Stepan in Avalanche zone.
10:39 of 1st period - Shot by Drew Stafford.
10:39 of 1st period - Shot Misses the Net.
11:45 of 1st period - Minor Penalty to Johan Franzen for Hooking.
11:46 of 1st period - Kyle Turris wins face-off versus Jordan Staal in Avalanche zone.
13:24 of 1st period - Jordan Leopold is hit by Jordan Staal and loses puck.
13:31 of 1st period - Shot by Kyle Turris.
13:31 of 1st period - Stopped by Antti Niemi without a rebound.
13:32 of 1st period - Tyler Bozak wins face-off versus Jordan Staal in Avalanche zone.
14:25 of 1st period - Shot by Marian Hossa.
14:25 of 1st period - Stopped by Jonas Hiller without a rebound.
14:26 of 1st period - Jordan Staal wins face-off versus Andrew Shaw in Sharks zone.
14:39 of 1st period - Off-side.
14:40 of 1st period - Derek Stepan wins face-off versus Kyle Turris in neutral zone.
15:36 of 1st period - Shot by Cody Hodgson.
15:36 of 1st period - Shot Misses the Net.
16:03 of 1st period - Icing by Kevin Klein.
16:04 of 1st period - Tyler Bozak wins face-off versus Cody Hodgson in Avalanche zone.
16:12 of 1st period - Off-side.
16:13 of 1st period - Tyler Bozak wins face-off versus Jordan Staal in neutral zone.
16:33 of 1st period - Minor Penalty to Alex Tanguay for Tripping.
16:34 of 1st period - Patrik Elias wins face-off versus Jannik Hansen in Sharks zone.
16:34 of 1st period - Patrik Elias is hit by Michael Kostka.
16:42 of 1st period - Shot by Derek Stepan.
16:42 of 1st period - Shot Misses the Net.
16:44 of 1st period - Shot by John Carlson.
16:44 of 1st period - Shot Misses the Net.
16:46 of 1st period - Shot by Derek Stepan.
16:46 of 1st period - Stopped by Jonas Hiller without a rebound.
16:47 of 1st period - Cody Hodgson wins face-off versus Jannik Hansen in Sharks zone.
17:00 of 1st period - Shot by Justin Faulk.
17:00 of 1st period - Shot Blocked by Mark Giordano.
17:02 of 1st period - Shot by Cody Hodgson.
17:02 of 1st period - Shot Blocked by Shane Doan.
17:04 of 1st period - Shot by Johan Franzen.
17:04 of 1st period - Shot Misses the Net.
17:06 of 1st period - Shot by Cody Hodgson.
17:06 of 1st period - Shot Blocked by Kyle Quincey.
17:08 of 1st period - Shot by Marian Hossa.
17:08 of 1st period - Shot Blocked by Mark Giordano.
17:10 of 1st period - Shot by Kevin Shattenkirk.
17:10 of 1st period - Stopped by Jonas Hiller without a rebound.
17:11 of 1st period - Rich Peverley wins face-off versus Derek Stepan in Sharks zone.
17:11 of 1st period - Rich Peverley is hit by Derek Stepan.
17:27 of 1st period - Shot by Derek Stepan.
17:27 of 1st period - Stopped by Jonas Hiller without a rebound.
17:28 of 1st period - Jannik Hansen wins face-off versus Cody Hodgson in Sharks zone.
17:37 of 1st period - Shot by Marian Hossa.
17:37 of 1st period - Shot Misses the Net.
17:39 of 1st period - Shot by Marian Hossa.
17:39 of 1st period - Shot Misses the Net.
17:41 of 1st period - Shot by Marian Hossa.
17:41 of 1st period - Deflect By Johan Franzen.
17:41 of 1st period - Stopped by Jonas Hiller without a rebound.
17:42 of 1st period - Rich Peverley wins face-off versus Derek Stepan in Sharks zone.
17:42 of 1st period - Rich Peverley is hit by Radim Vrbata.
18:02 of 1st period - Shot by Patrik Elias.
18:02 of 1st period - Shot Misses the Net.
18:04 of 1st period - Shot by Michael Del Zotto.
18:04 of 1st period - Stopped by Jonas Hiller without a rebound.
18:05 of 1st period - Cody Hodgson wins face-off versus Jannik Hansen in Sharks zone.
18:08 of 1st period - Shot by Johan Franzen.
18:08 of 1st period - Shot Misses the Net.
18:10 of 1st period - Shot by Marian Hossa.
18:10 of 1st period - Stopped by Jonas Hiller without a rebound.
18:11 of 1st period - Derek Stepan wins face-off versus Shane Doan in Sharks zone.
18:35 of 1st period - Shot by Jordan Staal.
18:35 of 1st period - Stopped by Jonas Hiller without a rebound.
18:36 of 1st period - Jordan Staal wins face-off versus Viktor Stalberg in Sharks zone.
18:37 of 1st period - Shot by Kevin Klein.
18:37 of 1st period - Stopped by Jonas Hiller with a rebound.
18:40 of 1st period - Icing by Mark Giordano.
18:41 of 1st period - Jordan Staal wins face-off versus Andrew Shaw in Sharks zone.
Goals for this period are 0 for Sharks vs 2 for Avalanche.
Shots for this period are 3 for Sharks vs 16 for Avalanche.

2nd period


0:01 of 2nd period - Jannik Hansen wins face-off versus Derek Stepan in neutral zone.
0:03 of 2nd period - Off-side.
0:04 of 2nd period - Derek Stepan wins face-off versus Tyler Bozak in neutral zone.
0:25 of 2nd period - Shot by Jannik Hansen.
0:25 of 2nd period - Deflect By Tyler Bozak.
0:25 of 2nd period - Shot Blocked by Kevin Shattenkirk.
0:39 of 2nd period - Shot by Patrik Elias.
0:39 of 2nd period - Stopped by Jonas Hiller without a rebound.
0:40 of 2nd period - Cody Hodgson wins face-off versus Kyle Turris in Sharks zone.
1:13 of 2nd period - Kyle Quincey is hit by Marian Hossa and loses puck.
1:45 of 2nd period - Kevin Klein is hit by Rob Klinkhammer and loses puck.
1:55 of 2nd period - Drew Stafford is hit by Kevin Klein and loses puck.
1:58 of 2nd period - Shot by Rob Klinkhammer.
1:58 of 2nd period - Goal by Rob Klinkhammer - Sharks : 1 - Avalanche : 2.
1:59 of 2nd period - Tyler Bozak wins face-off versus Jordan Staal in neutral zone.
2:24 of 2nd period - Shot by Alex Tanguay.
2:24 of 2nd period - Shot Misses the Net.
2:26 of 2nd period - Shot by Jannik Hansen.
2:26 of 2nd period - Deflect By Tyler Bozak.
2:26 of 2nd period - Stopped by Antti Niemi without a rebound.
2:27 of 2nd period - Andrew Shaw wins face-off versus Derek Stepan in Avalanche zone.
2:41 of 2nd period - Icing by Matt Niskanen.
2:42 of 2nd period - Andrew Shaw wins face-off versus Kevin Porter in Sharks zone.
2:46 of 2nd period - Mark Giordano is hit by Kevin Porter and loses puck.
2:55 of 2nd period - Andrew Shaw is hit by Justin Faulk and loses puck.
3:01 of 2nd period - Icing by Justin Faulk.
3:02 of 2nd period - Tyler Bozak wins face-off versus Kevin Porter in Avalanche zone.
3:09 of 2nd period - Shot by Alex Tanguay.
3:09 of 2nd period - Deflect By Tyler Bozak.
3:09 of 2nd period - Shot Misses the Net.
3:35 of 2nd period - Shot by Scottie Upshall.
3:35 of 2nd period - Stopped by Jonas Hiller with a rebound.
3:54 of 2nd period - Minor Penalty to Kyle Quincey for Tripping.
3:55 of 2nd period - Cody Hodgson wins face-off versus Jannik Hansen in Sharks zone.
5:24 of 2nd period - Shot by Patrik Elias.
5:24 of 2nd period - Stopped by Jonas Hiller without a rebound.
5:25 of 2nd period - Derek Stepan wins face-off versus Rich Peverley in Sharks zone.
5:28 of 2nd period - Shot by Patrik Elias.
5:28 of 2nd period - Goal by Patrik Elias - Sharks : 1 - Avalanche : 3.
5:29 of 2nd period - Jordan Staal wins face-off versus Rich Peverley in neutral zone.
5:31 of 2nd period - Off-side.
5:32 of 2nd period - Jordan Staal wins face-off versus Tyler Bozak in neutral zone.
5:42 of 2nd period - Off-side.
5:43 of 2nd period - Rich Peverley wins face-off versus Derek Stepan in neutral zone.
5:48 of 2nd period - Shot by Rob Klinkhammer.
5:48 of 2nd period - Shot Misses the Net.
6:00 of 2nd period - Shot by Patrik Elias.
6:00 of 2nd period - Stopped by Jonas Hiller without a rebound.
6:01 of 2nd period - Jordan Staal wins face-off versus Kyle Turris in Sharks zone.
6:06 of 2nd period - Shot by Jordan Staal.
6:06 of 2nd period - Stopped by Jonas Hiller without a rebound.
6:07 of 2nd period - Kyle Turris wins face-off versus Jordan Staal in Sharks zone.
6:28 of 2nd period - Shot by Brian Gionta.
6:28 of 2nd period - Stopped by Jonas Hiller without a rebound.
6:29 of 2nd period - Derek Stepan wins face-off versus Tyler Bozak in Sharks zone.
7:15 of 2nd period - Shot by Derek Stepan.
7:15 of 2nd period - Stopped by Jonas Hiller without a rebound.
7:16 of 2nd period - Kyle Turris wins face-off versus Cody Hodgson in Sharks zone.
7:16 of 2nd period - Kyle Turris is hit by Marian Hossa.
7:34 of 2nd period - Shot by Ryan Malone.
7:34 of 2nd period - Shot Blocked by Michael Del Zotto.
7:36 of 2nd period - Shot by Mark Giordano.
7:36 of 2nd period - Deflect By Shane Doan.
7:36 of 2nd period - Shot Blocked by Kevin Shattenkirk.
7:38 of 2nd period - Shot by Matt Niskanen.
7:38 of 2nd period - Shot Misses the Net.
7:51 of 2nd period - Double Minor Penalty to Shane Doan for Boarding.
7:52 of 2nd period - Derek Stepan wins face-off versus Jannik Hansen in Sharks zone.
7:53 of 2nd period - Shot by John Carlson.
7:53 of 2nd period - Shot Misses the Net.
8:27 of 2nd period - Shot by Patrik Elias.
8:27 of 2nd period - Stopped by Jonas Hiller without a rebound.
8:28 of 2nd period - Cody Hodgson wins face-off versus Jannik Hansen in Sharks zone.
8:29 of 2nd period - Shot by Justin Faulk.
8:29 of 2nd period - Shot Misses the Net.
10:45 of 2nd period - Matt Niskanen is hit by Radim Vrbata.
11:01 of 2nd period - Shot by John Carlson.
11:01 of 2nd period - Stopped by Jonas Hiller without a rebound.
11:02 of 2nd period - Derek Stepan wins face-off versus Jannik Hansen in Sharks zone.
11:23 of 2nd period - Shot by Kevin Porter.
11:23 of 2nd period - Shot Misses the Net.
13:30 of 2nd period - Shot by Mark Giordano.
13:30 of 2nd period - Shot Hit the Post.
13:32 of 2nd period - Shot by Jannik Hansen.
13:32 of 2nd period - Deflect By Tyler Bozak.
13:32 of 2nd period - Stopped by Antti Niemi without a rebound.
13:33 of 2nd period - Alex Tanguay wins face-off versus Jordan Staal in Avalanche zone.
13:48 of 2nd period - Shot by Brian Gionta.
13:48 of 2nd period - Shot Misses the Net.
13:50 of 2nd period - Shot by Kevin Klein.
13:50 of 2nd period - Shot Misses the Net.
13:56 of 2nd period - Shot by Brian Gionta.
13:56 of 2nd period - Shot Misses the Net.
14:25 of 2nd period - Off-side.
14:26 of 2nd period - Derek Stepan wins face-off versus Kyle Turris in neutral zone.
14:26 of 2nd period - John Carlson is hit by Shane Doan and loses puck.
14:47 of 2nd period - Shot by Patrik Elias.
14:47 of 2nd period - Stopped by Jonas Hiller without a rebound.
14:48 of 2nd period - Rob Klinkhammer wins face-off versus Marian Hossa in Sharks zone.
14:56 of 2nd period - Cody Hodgson is hit by Chris Butler.
14:58 of 2nd period - Shot by Johan Franzen.
14:58 of 2nd period - Shot Blocked by Chris Butler.
15:09 of 2nd period - Minor Penalty to Rob Klinkhammer for Hooking.
15:10 of 2nd period - Jannik Hansen wins face-off versus Derek Stepan in Sharks zone.
15:15 of 2nd period - Shot by Patrik Elias.
15:15 of 2nd period - Stopped by Jonas Hiller without a rebound.
15:16 of 2nd period - Derek Stepan wins face-off versus Jannik Hansen in Sharks zone.
16:21 of 2nd period - Mark Giordano is hit by Johan Franzen and loses puck.
16:48 of 2nd period - Shot by Kevin Shattenkirk.
16:48 of 2nd period - Stopped by Jonas Hiller with a rebound.
16:50 of 2nd period - Shot by Marian Hossa.
16:50 of 2nd period - Shot Misses the Net.
19:01 of 2nd period - Shot by Patrik Elias.
19:01 of 2nd period - Stopped by Jonas Hiller without a rebound.
19:02 of 2nd period - Cody Hodgson wins face-off versus Tyler Bozak in Sharks zone.
19:21 of 2nd period - Icing by Jannik Hansen.
19:22 of 2nd period - Radim Vrbata wins face-off versus Tyler Bozak in Sharks zone.
19:35 of 2nd period - Shot by Tyler Bozak.
19:35 of 2nd period - Stopped by Antti Niemi without a rebound.
19:36 of 2nd period - Kyle Turris wins face-off versus Cody Hodgson in Avalanche zone.
Goals for this period are 1 for Sharks vs 1 for Avalanche.
Shots for this period are 4 for Sharks vs 14 for Avalanche.

3rd period


0:01 of 3rd period - Tyler Bozak wins face-off versus Derek Stepan in neutral zone.
0:15 of 3rd period - Shot by Derek Stepan.
0:15 of 3rd period - Shot Misses the Net.
1:23 of 3rd period - Shot by Ryan Malone.
1:23 of 3rd period - Shot Misses the Net.
1:25 of 3rd period - Shot by Kyle Turris.
1:25 of 3rd period - Stopped by Antti Niemi without a rebound.
1:26 of 3rd period - Marian Hossa wins face-off versus Rob Klinkhammer in Avalanche zone.
1:35 of 3rd period - Shot by Rob Klinkhammer.
1:35 of 3rd period - Shot Misses the Net.
1:51 of 3rd period - Shot by Cody Hodgson.
1:51 of 3rd period - Stopped by Jonas Hiller with a rebound.
2:08 of 3rd period - Icing by Matt Niskanen.
2:09 of 3rd period - Derek Stepan wins face-off versus Rich Peverley in Sharks zone.
2:10 of 3rd period - Shot by Patrik Elias.
2:10 of 3rd period - Stopped by Jonas Hiller without a rebound.
2:11 of 3rd period - Derek Stepan wins face-off versus Kyle Turris in Sharks zone.
2:47 of 3rd period - Shot by Radim Vrbata.
2:47 of 3rd period - Stopped by Jonas Hiller with a rebound.
2:49 of 3rd period - Shot by Derek Stepan.
2:49 of 3rd period - Shot Misses the Net.
2:55 of 3rd period - Shot by Patrik Elias.
2:55 of 3rd period - Shot Blocked by Jordan Leopold.
2:57 of 3rd period - Shot by Patrik Elias.
2:57 of 3rd period - Shot Blocked by Kyle Quincey.
3:20 of 3rd period - Shot by Jordan Staal.
3:20 of 3rd period - Stopped by Jonas Hiller without a rebound.
3:21 of 3rd period - Cody Hodgson wins face-off versus Tyler Bozak in Sharks zone.
3:25 of 3rd period - Icing by Mark Giordano.
3:26 of 3rd period - Tyler Bozak wins face-off versus Jordan Staal in Sharks zone.
3:26 of 3rd period - Matt Niskanen is hit by Jordan Staal and loses puck.
4:07 of 3rd period - Shot by Alex Tanguay.
4:07 of 3rd period - Shot Misses the Net.
4:09 of 3rd period - Shot by Jannik Hansen.
4:09 of 3rd period - Shot Blocked by John Carlson.
4:33 of 3rd period - Shot by Rich Peverley.
4:33 of 3rd period - Stopped by Antti Niemi without a rebound.
4:34 of 3rd period - Derek Stepan wins face-off versus Andrew Shaw in Avalanche zone.
4:34 of 3rd period - Radim Vrbata is hit by Andrew Shaw and loses puck.
4:39 of 3rd period - Shot by Martin Havlat.
4:39 of 3rd period - Shot Misses the Net.
4:41 of 3rd period - Shot by Martin Havlat.
4:41 of 3rd period - Goal by Martin Havlat - Sharks : 2 - Avalanche : 3.
4:42 of 3rd period - Kyle Turris wins face-off versus Derek Stepan in neutral zone.
5:55 of 3rd period - Shane Doan is hit by Marian Hossa and loses puck.
6:42 of 3rd period - Marian Hossa is hit by Jannik Hansen and loses puck.
7:20 of 3rd period - Jordan Leopold beats up Justin Faulk.
7:20 of 3rd period - Penalty to Justin Faulk for Fighting.
7:20 of 3rd period - Penalty to Jordan Leopold for Fighting.
7:21 of 3rd period - Rich Peverley wins face-off versus Lauri Korpikoski in Avalanche zone.
7:23 of 3rd period - Minor Penalty to Michael Del Zotto for Roughing.
7:24 of 3rd period - Tyler Bozak wins face-off versus Kevin Porter in Avalanche zone.
7:24 of 3rd period - Tyler Bozak is hit by Kevin Klein.
7:48 of 3rd period - Shot by Andrew Shaw.
7:48 of 3rd period - Goal by Andrew Shaw - Sharks : 3 - Avalanche : 3.
7:49 of 3rd period - Derek Stepan wins face-off versus Rich Peverley in neutral zone.
8:05 of 3rd period - Shot by Rob Klinkhammer.
8:05 of 3rd period - Goal by Rob Klinkhammer - Sharks : 4 - Avalanche : 3.
8:06 of 3rd period - Cody Hodgson wins face-off versus Andrew Shaw in neutral zone.
8:24 of 3rd period - Icing by Martin Havlat.
8:25 of 3rd period - Andrew Shaw wins face-off versus Patrik Elias in Sharks zone.
8:38 of 3rd period - Shot by Martin Havlat.
8:38 of 3rd period - Stopped by Antti Niemi without a rebound.
8:39 of 3rd period - Cody Hodgson wins face-off versus Tyler Bozak in Avalanche zone.
8:45 of 3rd period - Shot by Marian Hossa.
8:45 of 3rd period - Shot Misses the Net.
8:47 of 3rd period - Shot by John Carlson.
8:47 of 3rd period - Shot Misses the Net.
9:13 of 3rd period - Shot by Marian Hossa.
9:13 of 3rd period - Stopped by Jonas Hiller with a rebound.
9:49 of 3rd period - Shot by Shane Doan.
9:49 of 3rd period - Stopped by Antti Niemi without a rebound.
9:50 of 3rd period - Rich Peverley wins face-off versus Jordan Staal in Avalanche zone.
10:17 of 3rd period - Shot by Rob Klinkhammer.
10:17 of 3rd period - Shot Misses the Net.
10:19 of 3rd period - Shot by Rob Klinkhammer.
10:19 of 3rd period - Shot Misses the Net.
10:21 of 3rd period - Shot by Rich Peverley.
10:21 of 3rd period - Shot Blocked by Michael Del Zotto.
10:23 of 3rd period - Shot by Drew Stafford.
10:23 of 3rd period - Stopped by Antti Niemi without a rebound.
10:24 of 3rd period - Derek Stepan wins face-off versus Tyler Bozak in Avalanche zone.
10:37 of 3rd period - Shot by Jannik Hansen.
10:37 of 3rd period - Stopped by Antti Niemi without a rebound.
10:38 of 3rd period - Kyle Turris wins face-off versus Cody Hodgson in Avalanche zone.
11:07 of 3rd period - Shot by Shane Doan.
11:07 of 3rd period - Shot Misses the Net.
11:43 of 3rd period - Shot by Derek Stepan.
11:43 of 3rd period - Shot Misses the Net.
11:45 of 3rd period - Shot by Patrik Elias.
11:45 of 3rd period - Stopped by Jonas Hiller without a rebound.
11:46 of 3rd period - Jordan Staal wins face-off versus Rich Peverley in Sharks zone.
12:11 of 3rd period - Shot by Jordan Staal.
12:11 of 3rd period - Shot Blocked by Rob Klinkhammer.
12:13 of 3rd period - Shot by Kevin Shattenkirk.
12:13 of 3rd period - Stopped by Jonas Hiller without a rebound.
12:14 of 3rd period - Patrik Elias wins face-off versus Tyler Bozak in Sharks zone.
12:37 of 3rd period - Shot by Alex Tanguay.
12:37 of 3rd period - Shot Misses the Net.
12:39 of 3rd period - Shot by Mark Giordano.
12:39 of 3rd period - Stopped by Antti Niemi without a rebound.
12:40 of 3rd period - Kyle Turris wins face-off versus Jordan Staal in Avalanche zone.
12:43 of 3rd period - Shot by Shane Doan.
12:43 of 3rd period - Deflect By Kyle Turris.
12:43 of 3rd period - Shot Misses the Net.
13:09 of 3rd period - Shot by Shane Doan.
13:09 of 3rd period - Stopped by Antti Niemi without a rebound.
13:10 of 3rd period - Tyler Bozak wins face-off versus Derek Stepan in Avalanche zone.
13:14 of 3rd period - Jannik Hansen is hit by Michael Del Zotto and loses puck.
13:42 of 3rd period - Shot by Derek Stepan.
13:42 of 3rd period - Shot Misses the Net.
15:36 of 3rd period - Matt Niskanen is hit by Jordan Staal and loses puck.
15:43 of 3rd period - Rob Scuderi is hit by Rob Klinkhammer and loses puck.
16:22 of 3rd period - Icing by Jordan Leopold.
16:23 of 3rd period - Derek Stepan wins face-off versus Kyle Turris in Sharks zone.
17:11 of 3rd period - Icing by Matt Niskanen.
17:12 of 3rd period - Cody Hodgson wins face-off versus Andrew Shaw in Sharks zone.
18:18 of 3rd period - Icing by John Carlson.
18:19 of 3rd period - Cody Hodgson wins face-off versus Kyle Turris in Avalanche zone.
18:19 of 3rd period - Marian Hossa is hit by Ryan Malone and loses puck.
19:24 of 3rd period - Avalanche, Antti Niemi is pulled from the net.
Goals for this period are 3 for Sharks vs 0 for Avalanche.
Shots for this period are 11 for Sharks vs 7 for Avalanche.


Output by the SimonT Hockey Simulator (STHS) for Stephane Roy -- Original Page W3C XHTML 1.0 Valid
Hockey Simulator - Hockey Simulation - Hockey Manager